 Dungeon Crawl Stone Soup version 0.19.0-23-gf02e663 (webtiles) character file.

3698 sugabear the Cutter (level 10, -3/51 HPs)
             Began as a Vine Stalker Gladiator on Nov 19, 2016.
             Was a Follower of Qazlal.
             Slain by an orc warrior
             ... wielding a +0 battleaxe
              (16 damage)
             ... on level 7 of the Dungeon.
             The game lasted 00:10:37 (6582 turns).

sugabear the Cutter (Vine Stalker Gladiator)        Turns: 6582, Time: 00:10:37

Health: -3/51      AC:  9    Str: 16    XL:     10   Next: 13%
Magic:  0/13       EV: 14    Int:  8    God:    Qazlal [*.....]
Gold:   321        SH:  1    Dex: 17    Spells: 0 memorised, 9 levels left

rFire  . . .     SeeInvis .     J - +3 falchion (freeze)
rCold  . . .     Gourm    .     e - +0 ring mail
rNeg   . . .     Faith    .     (no shield)
rPois  .         Spirit   +     c - +0 helmet
rElec  .         Reflect  .     (no cloak)
rCorr  .         Harm     .     m - +0 pair of gloves
MR     +....                    l - +0 pair of boots
Stlth  ++........               z - amulet of magic regeneration
                                (no ring)
                                j - -3 ring of strength (curse)

@: no status effects
A: fangs 3, regeneration 1, magic shield, antimagic bite, no device heal 3, rot
immunity
a: Renounce Religion


You were on level 7 of the Dungeon.
You worshipped Qazlal.
Qazlal was aware of your devotion.
You were not hungry.

You visited 2 branches of the dungeon, and saw 8 of its levels.
You also visited: Sewer.

You collected 321 gold pieces.

Inventory:

Hand Weapons
 a - a +0 rapier
 r - a +2 short sword of draining
 y - a +1 dagger of flaming
 A - a +1 dagger of venom
 J - a +3 falchion of freezing (weapon)
Missiles
 d - 2 throwing nets (quivered)
 q - 5 tomahawks of returning
Armour
 c - a +0 helmet (worn)
 e - a +0 ring mail (worn)
 l - a +0 pair of boots (worn)
 m - a +0 pair of gloves (worn)
Jewellery
 j - a cursed -3 ring of strength (left hand)
 z - an amulet of magic regeneration (around neck)
Wands
 H - a wand of lightning (0/15)
Scrolls
 h - 7 scrolls of remove curse {unknown}
 n - 9 scrolls of identify {unknown}
 p - a scroll of amnesia {unknown}
 s - 4 scrolls of teleportation
 u - a scroll of blinking {unknown}
 v - 2 scrolls of recharging {unknown}
 x - a scroll of immolation {unknown}
 C - 2 scrolls of random uselessness {unknown}
 D - a scroll of fear {unknown}
 F - 2 scrolls of enchant armour {unknown}
 I - a scroll of magic mapping {unknown}
 N - a scroll of torment {unknown}
Potions
 i - 2 potions of curing
 k - 3 potions of heal wounds {unknown}
 o - 3 potions of haste {unknown}
 t - 5 potions of flight
 w - a potion of resistance {unknown}
 B - a potion of degeneration {unknown}
 E - a potion of berserk rage {unknown}
 G - 3 potions of lignification {unknown}
 K - a potion of mutation {unknown}
Books
 M - a book of Callings

   Spells                             Type                      Level
   a - Summon Small Mammal            Summoning                    1
   b - Call Imp                       Summoning                    2
   c - Call Canine Familiar           Summoning                    3
   d - Summon Guardian Golem          Hexes/Summoning              3
   e - Summon Lightning Spire         Summoning/Air                4
   f - Summon Ice Beast               Ice/Summoning                4
Comestibles
 b - a slice of pizza
 f - 11 bread rations
 g - 4 meat rations
 L - 7 beef jerkies


   Skills:
 + Level 5.1 Fighting
 + Level 7.9(8.3) Short Blades
 + Level 3.3(6.1) Long Blades
 + Level 2.0 Throwing
 + Level 5.2 Armour
 + Level 5.0 Dodging
 - Level 2.5 Stealth
 * Level 3.9 Invocations
 + Level 0.3 Evocations


You had 9 spell levels left.
You didn't know any spells.

Dungeon Overview and Level Annotations

Branches:
Dungeon (7/15)             Temple (1/1) D:6

Altars:
Ashenzari
Cheibriados
Dithmenos
Elyvilon
Fedhas
Gozag
Hepliaklqana
Kikubaaqudgha
Nemelex Xobeh
Okawaru
Qazlal
Ru
Sif Muna
Trog
Uskayaw
Vehumet
Xom
Yredelemnul
The Shining One


Innate Abilities, Weirdness & Mutations

You have razor-sharp teeth.
Your natural rate of healing is unusually fast.
When hurt, damage is shared between your health and your magic reserves.
Your bite disrupts and absorbs the magic of your enemies.
Potions and wands cannot restore your health.
You are immune to rotting.


Message History

You hit the orc warrior but do no damage.
The orc warrior is almost dead.
The orc warrior hits you with a battleaxe!
* * * LOW HITPOINT WARNING * * *
You are too injured to fight recklessly!
Unknown command.
You hear a shout!
The orc warrior closely misses you.
The orc warrior hits you with a battleaxe!
* * * LOW HITPOINT WARNING * * *
The orc shouts!
Throwing (i - inventory. (,) - cycle):
d - 3 throwing nets (quivered)
Press: ? - help, Shift-Dir - straight line, f - orc warrior
Aim: an orc warrior, wielding a battleaxe and wearing a plate armour (almost dead)
You throw a throwing net.
The throwing net closely misses the orc warrior.
The throwing net hits the ogre.
The ogre is caught in the net!
The ogre struggles against the net.
The orc warrior hits you with a battleaxe!!
You die...

#########
#.......#
#######.#####.#
#..O.o@.# #.#
#.####### ##.##
#.#
#...########
#O#
#...........
#.#
###...########
#.#
#.<...........
###########.#
#.###.......##
.....>...##o##
#.###.#####.##
.#######.##..#
#.............


You could see an orc warrior and an ogre (caught).

Vanquished Creatures
  Pikel (D:6)
  Grinder (D:4)
  Sigmund (D:5)
  Menkaure (D:5)
  2 hungry ghosts (D:7)
  Edmund (D:6)
  2 necrophages (D:7)
  A slave (D:6)
  2 phantoms
  2 ogres
  A bullfrog (D:7)
  A big kobold (D:7)
  4 scorpions
  6 killer bees (D:7)
  A howler monkey (D:5)
  4 wights (D:6)
  A jelly (D:5)
  A bullfrog zombie (D:5)
  2 hounds
  10 orc wizards
  A bullfrog skeleton (D:7)
  2 orc priests
  3 iguanas
  3 worker ants (D:4)
  Ijyb (D:3)
  Terence (D:3)
  A hound zombie (D:6)
  8 gnolls
  6 adders
  7 oozes
  An adder skeleton (D:5)
  5 worms
  3 dart slugs
  4 leopard geckos
  18 orcs
  19 bats
  5 giant cockroaches
  6 goblins
  11 hobgoblins
  14 jackals
  2 quokkas (D:2)
  5 ball pythons
  7 frilled lizards
  A giant cockroach zombie (D:6)
  14 kobolds
  A leopard gecko skeleton (D:5)
  11 rats
  2 rat zombies (D:6)
207 creatures vanquished.

Vanquished Creatures (others)
  4 orcs
4 creatures vanquished.

Grand Total: 211 creatures vanquished

Notes
Turn   | Place    | Note
-------+----------+-------------------------------------------
     0 | D:1      | sugabear the Vine Stalker Gladiator began the quest for the Orb.
     0 | D:1      | Reached XP level 1. HP: 11/11 MP: 2/2
    98 | D:1      | Reached skill level 3 in Short Blades
    98 | D:1      | Reached XP level 2. HP: 13/15 MP: 3/3
   333 | D:1      | Reached XP level 3. HP: 17/18 MP: 4/4
   960 | D:2      | Gained mutation: Your natural rate of healing is unusually fast. [Vine Stalker growth]
   960 | D:2      | Reached XP level 4. HP: 11/23 MP: 5/5
  1162 | D:2      | Reached skill level 4 in Short Blades
  1513 | D:3      | Reached skill level 1 in Armour
  1513 | D:3      | Found a faded altar of an unknown god.
  1515 | D:3      | Noticed Terence
  1526 | D:3      | Killed Terence
  1526 | D:3      | Reached XP level 5. HP: 13/26 MP: 6/6
  1560 | D:3      | Reached skill level 1 in Stealth
  1614 | D:3      | Reached XP level 6. HP: 21/32 MP: 7/7
  1632 | D:3      | Noticed Ijyb
  1638 | D:3      | Killed Ijyb
  1671 | D:3      | Found a glowing drain.
  1705 | Sewer    | Entered a sewer
  2469 | D:3      | Found a shattered altar of Ashenzari.
  2633 | D:3      | Reached XP level 7. HP: 19/35 MP: 4/8
  2640 | D:3      | Reached skill level 5 in Short Blades
  3130 | D:4      | Noticed Grinder
  3148 | D:4      | Killed Grinder
  3148 | D:4      | Gained mutation: You have razor-sharp teeth. [Vine Stalker growth]
  3148 | D:4      | Reached XP level 8. HP: 20/40 MP: 7/9
  3361 | D:4      | Reached skill level 6 in Short Blades
  3564 | D:5      | Entered Level 5 of the Dungeon
  3658 | D:5      | Noticed Sigmund
  3669 | D:5      | Killed Sigmund
  3758 | D:5      | Found a faded altar of an unknown god.
  3758 | D:5      | Found a faded altar of an unknown god.
  3763 | D:5      | Found a snail-covered altar of Cheibriados.
  3765 | D:5      | Found a faded altar of an unknown god.
  3766 | D:5      | Found a faded altar of an unknown god.
  3780 | D:5      | Noticed Menkaure
  3794 | D:5      | Killed Menkaure
  3948 | D:5      | Reached skill level 7 in Short Blades
  4024 | D:5      | Found a blossoming altar of Fedhas.
  4241 | D:5      | Found a deep blue altar of Sif Muna.
  4582 | D:6      | Found a sparkling altar of Nemelex Xobeh.
  4634 | D:6      | Found a staircase to the Ecumenical Temple.
  4650 | Temple   | Entered the Ecumenical Temple
  4732 | Temple   | Became a worshipper of Qazlal Stormbringer
  4964 | D:6      | Reached XP level 9. HP: 39/45 MP: 10/10
  4994 | D:6      | Reached skill level 1 in Invocations
  5113 | D:6      | Noticed Pikel
  5150 | D:6      | Killed Pikel
  5232 | D:6      | Noticed Edmund
  5250 | D:6      | Killed Edmund
  5314 | D:6      | Found an ancient bone altar of Kikubaaqudgha.
  5401 | D:6      | Reached skill level 1 in Long Blades
  5794 | D:6      | Found a sacrificial altar of Ru.
  5801 | D:6      | Found a hazy altar of Hepliaklqana.
  5801 | D:6      | Found a basalt altar of Yredelemnul.
  5805 | D:6      | Found an opulent altar of Gozag.
  5867 | D:7      | Paralysed by fainting for 9 turns
  5988 | D:7      | HP: 1/46 [killer bee (3)]
  6146 | D:7      | Reached skill level 5 in Armour
  6159 | D:7      | Reached XP level 10. HP: 36/51 MP: 13/13
  6220 | D:7      | Reached skill level 5 in Fighting
  6221 | D:7      | Reached * piety under Qazlal
  6454 | D:7      | Reached skill level 5 in Dodging
  6476 | D:7      | Found an iron altar of Okawaru.
  6563 | D:7      | HP: 2/51 [orc warrior/battleaxe (11)]
  6582 | D:7      | Slain by an orc warrior

Skill      XL: |  1  2  3  4  5  6  7  8  9 10 |
---------------+-------------------------------+-----
Short Blades   | 3 4 5 7 |  7.9
Fighting       | 2 3 4 5 |  5.1
Dodging        | 3 4 5 |  5.0
Armour         | 1 2 3 4 5 |  5.2
Stealth        | 1 2 |  2.5
Throwing       | 2 |  2.0
Invocations    | 3 |  3.9
Long Blades    | 2 3 |  3.3
Evocations     | |  0.3

Action                   |  1- 3 |  4- 6 |  7- 9 | 10-12 || total
-------------------------+-------+-------+-------+-------++-------
Melee: Rapier            |   104 |    77 |       |       ||   181
       Bite              |    21 |    50 |   125 |    20 ||   216
       Short sword       |       |   181 |   172 |       ||   353
       Dagger            |       |       |    57 |       ||    57
       Falchion          |       |       |   124 |    54 ||   178
Throw: Throwing net      |       |     1 |       |     1 ||     2
Evoke: Wand              |       |       |     2 |       ||     2
  Use: Scroll            |       |     1 |     1 |       ||     2
       Potion            |       |     1 |     3 |       ||     4
 Stab: Held in net/web   |       |     1 |       |       ||     1
       Sleeping          |       |       |     2 |       ||     2
  Eat: Chunk             |       |     4 |    12 |     2 ||    18
       Fruit             |       |     3 |       |       ||     3
       Pizza             |       |       |     1 |       ||     1
Armor: Ring mail         |    29 |   172 |   112 |    12 ||   325
       Leather armour    |     2 |       |       |       ||     2
Dodge: Dodged            |    83 |   257 |   190 |    36 ||   566
Block: Other             |       |       |       |     3 ||     3
       Rpst.: Falchion   |       |       |    33 |    13 ||    46
